 Dungeon Crawl Stone Soup version 0.29.1-15-g9cfb28693d (webtiles) character file.

Game seed: 12813468838801218200

17 H0rd4k the Charlatan (level 2, -2/19 HPs)
             Began as an Octopode Artificer on Mar 27, 2023.
             Slain by a quokka (3 damage)
             ... on level 2 of the Dungeon.
             The game lasted 00:00:30 (1247 turns).

H0rd4k the Charlatan (Octopode Artificer)           Turns: 1247, Time: 00:00:30

Health: -2/19      AC:  1    Str: 11    XL:     2   Next: 62%
Magic:  3/3        EV: 13    Int: 13    God:
Gold:   57         SH:  0    Dex: 12    Spells: 3/3 levels left

rFire   . . .      SeeInvis .   (no weapon)
rCold   . . .      Faith    .   (no shield)
rNeg    . . .      Spirit   .   (helmet restricted)
rPois   .          Reflect  .   (no amulet)
rElec   .          Harm     .   (no ring)
rCorr   .          Rampage  .   (no ring)
Will    .....                   (no ring)
Stlth   +++.......              (no ring)
HPRegen 0.06/turn               (no ring)
MPRegen 0.08/turn               (no ring)
                                (no ring)
                                (no ring)

@: lethally poisoned (-2 -> -6)
A: almost no armour, amphibious, 8 rings, camouflage 1, gelatinous body 1,
(nimble swimmer 1), tentacles
a: no special abilities


You were on level 2 of the Dungeon.
You visited 1 branch of the dungeon, and saw 2 of its levels.

You collected 57 gold pieces.

Inventory:

Jewellery
 g - a ring of poison resistance
Wands
 b - a wand of flame (15) (quivered)
 c - a wand of charming (15)
 d - a wand of iceblast (5)
Scrolls
 a - 2 scrolls of identify {unknown}
 e - a scroll of amnesia {unknown}
 f - a scroll of acquirement {unknown}
 h - a scroll of brand weapon {unknown}
 i - a scroll of vulnerability {unknown}


   Skills:
 * Level 1.8 Fighting
 - Level 2.3 Dodging
 - Level 1.3 Stealth
 + Level 0.4 Unarmed Combat
 * Level 1.1 Spellcasting
 - Level 3.2 Evocations


You had 3 spell levels left.
You didn't know any spells.
Your spell library was empty.

Dungeon Overview and Level Annotations

Branches:
Dungeon (2/15)

Altars:

Shops:
D:1 *


Innate Abilities, Weirdness & Mutations

You cannot wear most types of armour.
You are amphibious.
You can wear up to eight rings at the same time.
Your skin changes colour to match your surroundings (Stealth+).
Your rubbery body absorbs attacks. (AC +1, EV +1)
((You are camouflaged when in or above water. (Stealth+)))
You have tentacles for arms and can constrict up to eight enemies at once.


Message History

There are monsters nearby!
The quokka bites you.
There are monsters nearby!
You closely miss the adder. Your grab misses the adder.
Your squeeze misses the adder. The adder closely misses you.
The quokka closely misses you.
You miss the adder. Your grab misses the adder. Your squeeze misses the adder.
The adder bites you. The quokka closely misses you.
The adder barely misses you. The quokka barely misses you.
There are monsters nearby!
You tentacle-slap the adder but do no damage.
You grab the adder. You squeeze the adder.
The adder is heavily wounded.
You constrict the adder, but do no damage.
The adder bites you.
You are poisoned.
The adder poisons you! The quokka barely misses you.
You tentacle-slap the adder.
The adder is heavily wounded.
You constrict the adder.
You feel sick. The adder closely misses you. The quokka barely misses you.
You tentacle-slap the adder but do no damage.
The adder is severely wounded.
You constrict the adder.
You feel sick. The adder barely misses you. The quokka closely misses you.
The adder bites you.
* * * LOW HITPOINT WARNING * * *
You are lethally poisoned!
The adder poisons you!
You tentacle-slap the adder but do no damage.
You squeeze the adder.
You kill the adder!
* * * LOW HITPOINT WARNING * * *
You feel sick. The quokka closely misses you.
Your Spellcasting skill increases to level 1!
Unknown command.
You closely miss the quokka. You grab the quokka.
You constrict the quokka, but do no damage.
* * * LOW HITPOINT WARNING * * *
You feel sick. The quokka bites you.
You die...

............#
............#
............###
.....)........#
##.#####..###..# ###
#.# #..# ..#..# #.###
#..# #.#..#
#...###..#####r..#
###.##.......##@.######
#....................
###...#'#'#'#+#+#..##
##..#.#†#$# .#
#<.####### #..# #..#
#... ...#.


You could see a quokka.

Vanquished Creatures
  An adder (D:2)
  An endoplasm (D:2)
  2 ball pythons (D:1)
  2 bats (D:1)
  A frilled lizard (D:1)
  3 kobolds
  A rat (D:2)
11 creatures vanquished.

Notes
Turn   | Place    | Note
-------+----------+-------------------------------------------
     0 | D:1      | H0rd4k the Octopode Artificer began the quest for the Orb.
     0 | D:1      | Reached XP level 1. HP: 13/13 MP: 1/1
   355 | D:1      | Found Ostrug's Assorted Antiques.
   951 | D:2      | Reached XP level 2. HP: 6/18 MP: 1/3
  1247 | D:2      | Reached skill level 1 in Spellcasting
  1247 | D:2      | Slain by a quokka

Illustrated notes

Levels and vault maps discovered:
D:1:      dpeg_arrival_round_a, layout_basic, serial_shops, shop
D:2:      layout_rooms, shapermc_ecumenical_altar_mp_vishouse,
          minmay_rat_gold_closets

Skill      XL: |  1  2 |
---------------+-------+-----
Spellcasting   | 1 |  1.1
Fighting       | |  1.8
Dodging        | |  2.3
Stealth        | |  1.3
Unarmed Combat | |  0.4
Evocations     | |  3.2

Action                   || total
-------------------------++-------
Melee: Unarmed           ||    33
       Constrict         ||     9
       Tentacles         ||     6
 Stab: Sleeping          ||     4
Armor: Skin              ||     4
Dodge: Dodged            ||    30
